 Dungeon Crawl Stone Soup version 0.29-a0-409-gd843f3a48c (webtiles) character file.

Game seed: 13900901396388337997

4636 spaghetti the Covert (level 10, -9/79 HPs)
             Began as a Gnoll Wanderer on May 14, 2022.
             Was an Elder of Kikubaaqudgha.
             Mangled by a cane toad (shapeshifter) (26 damage)
             ... on level 10 of the Dungeon.
             The game lasted 00:14:28 (8718 turns).

spaghetti the Covert (Gnoll Wanderer)               Turns: 8718, Time: 00:14:29

Health: -9/79      AC: 15    Str: 13    XL:     10   Next: 43%
Magic:  17/17      EV: 16    Int: 22    God:    Kikubaaqudgha [****..]
Gold:   207        SH:  0    Dex: 10    Spells: 9/19 levels left

rFire   . . .      SeeInvis +   c - +2 quarterstaff (chaos) {staff}
rCold   . . .      Faith    .   (shield currently unavailable)
rNeg    . . .      Spirit   .   y - +3 ring mail of Xedwa {rPois SInv}
rPois   +          Reflect  .   q - +2 helmet
rElec   .          Harm     .   A - +2 cloak
rCorr   .          Rampage  .   (no gloves)
Will    .....                   (no boots)
Stlth   +++.......              p - amulet of the acrobat
HPRegen 0.23/turn               i - +6 ring of intelligence
MPRegen 0.15/turn               k - +4 ring of evasion

@: lethally poisoned (-9 -> -18), on berserk cooldown, slowed, very slow
A: fangs 1, strong nose, distributed training
a: Renounce Religion, Receive Corpses


You were on level 10 of the Dungeon.
You worshipped Kikubaaqudgha.
Kikubaaqudgha was greatly pleased with you.
You visited 1 branch of the dungeon, and saw 9 of its levels.

You collected 438 gold pieces.
You spent 231 gold pieces at shops.


Innate Abilities, Weirdness & Mutations

You have very sharp teeth.
Your uncanny sense of smell can sniff out nearby items.
Your experience applies equally to all skills.


   Skills:
 + Level 7.1 Fighting
 + Level 5.2 Short Blades
 + Level 5.2 Long Blades
 + Level 5.9 Axes
 + Level 5.2 Maces & Flails
 + Level 5.2 Polearms
 + Level 5.2 Staves
 + Level 5.2 Slings
 + Level 5.2 Bows
 + Level 5.2 Crossbows
 + Level 5.2 Throwing
 + Level 5.9 Armour
 + Level 5.9 Dodging
 + Level 9.5 Stealth
 + Level 5.2 Shields
 + Level 5.2 Unarmed Combat
 + Level 5.2 Spellcasting
 + Level 4.3 Conjurations
 + Level 4.3 Hexes
 + Level 4.3 Summonings
 + Level 4.3 Necromancy
 + Level 4.3 Translocations
 + Level 4.3 Transmutations
 + Level 4.3 Fire Magic
 + Level 4.3 Ice Magic
 + Level 4.3 Air Magic
 + Level 4.3 Earth Magic
 + Level 4.3 Poison Magic
 + Level 5.8 Invocations
 + Level 5.9 Evocations


You had 9 spell levels left.
You knew the following spells:

 Your Spells              Type           Power      Damage    Failure   Level
a - Corpse Rot            Necr/Air       50%        N/A       4%          2
b - Sticky Flame          Conj/Fire      25%        2d5       32%         4
c - Animate Dead          Necr           12%        N/A       32%         4

Your spell library contained the following spells:

 Spells                   Type           Power      Damage    Failure   Level
 Animate Skeleton         Necr           50%        N/A       3%          1
 Apportation              Tloc           50%        N/A       3%          1
 Pain                     Necr           100%       1d9       3%          1
 Summon Small Mammal      Summ           100%       N/A       3%          1
 Sublimation of Blood     Necr           25%        N/A       4%          2
 Conjure Flame            Conj/Fire      25%        6-21      10%         3
 Frozen Ramparts          Ice            50%        1d7       10%         3
 Ignite Poison            Fire/Tmut/Pois 25%        N/A       10%         3
 Summon Guardian Golem    Hex/Summ       25%        N/A       10%         3
 Vampiric Draining        Necr           25%        2d7       10%         3
 Anguish                  Hex/Necr       12%        N/A       32%         4
 Ice Form                 Ice/Tmut       25%        N/A       32%         4
 Summon Ice Beast         Ice/Summ       25%        N/A       32%         4
 Agony                    Necr           25%        N/A       65%         5
 Borgnjor's Vile Clutch   Necr/Erth      12%        N/A       65%         5
 Excruciating Wounds      Necr           12%        N/A       65%         5
 Simulacrum               Ice/Necr       12%        N/A       99%         6
 Orb of Destruction       Conj           12%        9d7       100%        7
 Spellforged Servitor     Conj/Summ      12%        N/A       100%        7
 Chain Lightning          Conj/Air       12%        3d16      100%        9
 Fire Storm               Conj/Fire      12%        8d3       100%        9
 Shatter                  Erth           12%        3d13*     100%        9

Inventory:

Hand Weapons
 a - a +2 dagger {short}
 c - a +2 quarterstaff of chaos (weapon) {staff}
   (You took it off Crazy Yiuf on level 4 of the Dungeon)
 t - a +0 dagger of venom {short}
   (You took it off a kobold on level 3 of the Dungeon)
Missiles
 l - 150 stones (quivered) {throwing}
 r - 12 poisoned darts {throwing}
 v - 11 javelins {throwing}
 H - a curare-tipped dart {=fthrowing}
Armour
 q - a +2 helmet (worn)
   (You bought it in a shop on level 4 of the Dungeon)
 y - the +3 ring mail of Xedwa (worn) {rPois SInv}
   (You found it on level 4 of the Dungeon)

   rPois:     It protects you from poison.
   SInv:      It lets you see invisible.
 A - a +2 cloak (worn)
   (You took it off Crazy Yiuf on level 4 of the Dungeon)
Magical Staves
 h - a staff of cold {!astaff}
   (You found it on level 1 of the Dungeon)
 x - a staff of poison {!astaff}
   (You found it on level 4 of the Dungeon)
Jewellery
 i - a +6 ring of intelligence (left hand)
   (You found it on level 1 of the Dungeon)
 k - a +4 ring of evasion (right hand)
   (You found it on level 6 of the Dungeon)
 p - an amulet of the acrobat (around neck)
   (You found it on level 7 of the Dungeon)
Wands
 n - a wand of polymorph (5)
   (You found it on level 4 of the Dungeon)
 B - a wand of digging (3)
   (You found it on level 7 of the Dungeon)
 G - a wand of iceblast (20)
   (You found it on level 7 of the Dungeon)
Scrolls
 b - 2 scrolls of summoning
 e - 2 scrolls of fear
 f - a scroll of blinking {!r}
 g - 3 scrolls of fog
 j - 2 scrolls of immolation {!r!r}
 m - a scroll of teleportation {@r4}
 o - 2 scrolls of amnesia
 s - 2 scrolls of vulnerability {!r!r}
 u - 2 scrolls of torment {!r}
 w - 2 scrolls of noise {unknown}
 F - a scroll of identify {@r1}
 I - a scroll of enchant weapon {unknown}
 L - a scroll of enchant armour {unknown}
 M - a scroll of magic mapping {unknown}
Potions
 d - 2 potions of heal wounds {@q2}
 z - a potion of haste {unknown}
 C - 4 potions of curing {unknown}
 D - a potion of mutation {unknown}
 J - 2 potions of lignification {!q}
 K - a potion of cancellation {unknown}
 N - a potion of magic {unknown}

Dungeon Overview and Level Annotations

Branches:
Dungeon (8/15)             Temple (0/1) D:7
   Lair: D:8-11

Altars:
Ashenzari
Gozag
Kikubaaqudgha
Uskayaw
The Shining One

Shops:
D:1 [   D:2 (   D:4 :[[=(

.................##
............#.....##
.##>.......##......#
...... #......## ##
......##.......#..#..
......!..............
.....................
...................##
.......@..........
......F†Y.........
..................
..#..(.#.......##. .
#...!#.......#
##(..........#
.(.........## .(...
......#


You could see a yak and a cane toad shaped shifter (strong).


Message History

You completely miss the yak. The yak completely misses you.
A yak comes into view.
The yak bellows!
You sock the yak!
The yak seems to slow down.
The yak barely misses you. 😕 HP[+1]
You hit the yak.
The yak seems to speed up.
A yak comes into view.
The yak gores you. 😕 HP[-1]
You take 1 damage, and now have 64/77 hp.
Unknown command.
You thump the yak! You freeze the yak. The yak gores you but does no damage.
You hit the yak but do no damage. The yak gores you but does no damage.
You hit the yak. The yak gores you. 😕 HP[-3]
You take 3 damage, and now have 61/77 hp.
You hit the yak. Lightning courses through the yak!!
You kill the yak!
Kikubaaqudgha accepts your kill.
Your Fighting skill increases to level 7! 😕 HP[+1]
You now have 79 max hp (+2).
Really quaff
E - a potion of berserk rage {!q}?
A red film seems to cover your vision as you go berserk!
You feel yourself moving faster!
You feel mighty! 😕 HP[+32]
You now have 118 max hp (+39).
You regained 32 hp, and now have 94/118 hp.
You bludgeon the yak!! You freeze the yak. The yak barely misses you.
You sock the yak!
You kill the yak!
Kikubaaqudgha accepts your kill. The yak misses you.
You sock the yak! You freeze the yak. You hit the yak. You drain the yak.
Your bite misses the yak.
The yak barely misses you. x2; The yak gores you but does no damage. 😕 HP[+1]
You sock the yak!
The yak is poisoned.
The yak gores you. The yak misses you.
The yak gores you but does no damage. 😕 HP[-3]
You take 3 damage, and now have 92/118 hp.
You thump the yak! You burn the yak.
You kill the yak!
Kikubaaqudgha accepts your kill.
You sock the yak! The yak barely misses you. The yak gores you! 😮 HP[-10]
You take 10 damage, and now have 82/118 hp.
You sock the yak!
The yak changes into a shapeshifter!
The shapeshifter changes into a cane toad!
The yak barely misses you. x2
You sock the yak! You burn the yak. The yak completely misses you.
The yak gores you but does no damage. 😮 HP[+1]
You barely miss the yak. Your bite misses the yak.
The cane toad stings you but does no damage.
You hit the cane toad but do no damage. The cane toad closely misses you.
The yak completely misses you. The yak gores you. 😮 HP[-2]
You take 2 damage, and now have 81/118 hp.
You thump the cane toad!
The cane toad seems to slow down.
You freeze the cane toad. The cane toad stings you!! The yak gores you!
* * * LOW HITPOINT WARNING * * *
The yak gores you.
* * * LOW HITPOINT WARNING * * *
😨 HP[-27]
You take 27 damage, and now have 54/118 hp.
MASSIVE DAMAGE!! (PAUSE)
You hit the cane toad.
The cane toad seems to grow stronger.
Your bite misses the cane toad. You closely miss the yak.
Your bite misses the yak. The yak gores you!
* * * LOW HITPOINT WARNING * * *
The yak barely misses you.
The cane toad stings you but does no damage. 😨 HP[-10]
You take 10 damage, and now have 44/118 hp.
You thump the yak!
You kill the yak!
Kikubaaqudgha accepts your kill.
The cane toad is no longer moving slowly.
The yak gores you but does no damage.
You closely miss the cane toad. Your bite misses the cane toad.
You are no longer berserk.
You are exhausted.
You feel yourself slow down. The cane toad stings you!!
* * * LOW HITPOINT WARNING * * *
You are lethally poisoned!
The cane toad poisons you! The yak barely misses you. 😱 HP[-41]
You now have 79 max hp (-39).
You take 41 damage, and now have 3/79 hp.
MASSIVE DAMAGE!! (PAUSE) Unknown command.
Unknown command.
You feel much better.
You feel very sick. The cane toad closely misses you.
The cane toad stings you!!
You die...
Kikubaaqudgha rasps: "You have failed me!
Welcome... death!"

Skill      XL: |  1  2  3  4  5  6  7  8  9 10 |
---------------+-------------------------------+-----
Invocations    | 1 2 3 4 5 |  5.8
Short Blades   | 1 2 3 4 5 |  5.2
Long Blades    | 1 2 3 4 5 |  5.2
Maces & Flails | 1 2 3 4 5 |  5.2
Polearms       | 1 2 3 4 5 |  5.2
Staves         | 1 2 3 4 5 |  5.2
Slings         | 1 2 3 4 5 |  5.2
Bows           | 1 2 3 4 5 |  5.2
Crossbows      | 1 2 3 4 5 |  5.2
Throwing       | 1 2 3 4 5 |  5.2
Shields        | 1 2 3 4 5 |  5.2
Unarmed Combat | 1 2 3 4 5 |  5.2
Spellcasting   | 1 2 3 4 5 |  5.2
Axes           | 3 4 5 |  5.9
Armour         | 3 4 5 |  5.9
Dodging        | 3 4 5 |  5.9
Conjurations   | 1 2 3 4 |  4.3
Hexes          | 1 2 3 4 |  4.3
Summonings     | 1 2 3 4 |  4.3
Necromancy     | 1 2 3 4 |  4.3
Translocations | 1 2 3 4 |  4.3
Transmutations | 1 2 3 4 |  4.3
Fire Magic     | 1 2 3 4 |  4.3
Ice Magic      | 1 2 3 4 |  4.3
Air Magic      | 1 2 3 4 |  4.3
Earth Magic    | 1 2 3 4 |  4.3
Poison Magic   | 1 2 3 4 |  4.3
Evocations     | 3 4 5 |  5.9
Stealth        | 8 9 |  9.5
Fighting       | 5 6 7 |  7.1

Action                   |  1- 3 |  4- 6 |  7- 9 | 10-12 || total
-------------------------+-------+-------+-------+-------++-------
Melee: Dagger            |   133 |    96 |   193 |       ||   422
       Bite              |    13 |    12 |    34 |     3 ||    62
       Punch             |     1 |     3 |     3 |       ||     7
       Unarmed           |       |     3 |     9 |       ||    12
       Quarterstaff      |       |       |   174 |    35 ||   209
Throw: Stone             |       |    20 |   195 |     7 ||   222
 Cast: Corpse Rot        |       |       |     2 |       ||     2
Invok: Receive Corpses   |       |       |     1 |       ||     1
Evoke: Wand              |       |       |     7 |       ||     7
  Use: Potion            |       |     3 |     5 |     2 ||    10
       Scroll            |       |       |    10 |       ||    10
 Stab: Sleeping          |     9 |     6 |       |       ||    15
       Petrified         |       |       |     2 |       ||     2
       Paralysed         |       |       |     3 |       ||     3
Armor: Ring mail         |    56 |    41 |   157 |    11 ||   265
       Skin              |       |     8 |     5 |       ||    13
Dodge: Dodged            |    67 |    51 |   252 |    26 ||   396

Levels and vault maps discovered:
D:1:      dpeg_arrival_rhombus, layout_basic, serial_shops,
          nicolae_diamond_shop, shapermc_ecumenical_altar_starsandcircs
D:2:      layout_rooms, serial_shops, shop, kennysheep_generic_room_12
D:3:      layout_basic, mainiacjoe_overflow_alcove_4
D:4:      layout_rooms, serial_glass, glass_columns_b, glass_columns_a,
          serial_shops, shop, nicolae_take_the_stairs,
          nicolae_shop_hallway_plus, shop, shop, guppyfry_early_lair_pool,
          uniq_crazy_yiuf_cottage, uniq_sigmund
D:5:      layout_loops_ring, nicolae_tso_besieged_by_evil, minmay_small_thing
D:6:      layout_rooms, overflow_temple_1_default
D:7:      layout_cave_pods, minmay_temple_entry_junction, uniq_joseph
D:8:      layout_basic, lemuel_tele_altar
D:10:     layout_cave_pools, nicolae_overflow_squiral, mrwooster_statue_mirror,
          uniq_urug

Notes
Turn   | Place    | Note
-------+----------+-------------------------------------------
     0 | D:1      | spaghetti the Gnoll Wanderer began the quest for the Orb.
     0 | D:1      | spaghetti set off with the following items: a +2 dagger
                  | {short}, a scroll of summoning, a +0 hand axe {axe}, a +0
                  | ring mail, a potion of lignification {!q}
     0 | D:1      | Reached XP level 1. HP: 20/20 MP: 1/1
     0 | D:1      | magus.rc [v1.9.6]
    48 | D:1      | Found a faded altar of an unknown god.
    72 | D:1      | Prayed at the altar of an unknown god.
    72 | D:1      | Became a worshipper of Kikubaaqudgha
    72 | D:1      | Reached * piety under Kikubaaqudgha
    72 | D:1      | You add the spells Animate Skeleton, Corpse Rot,
                  | Sublimation of Blood and Vampiric Draining to your library.
    72 | D:1      | Received a gift from Kikubaaqudgha
   316 | D:1      | Reached XP level 2. HP: 21/26 MP: 2/2
   684 | D:1      | Reached XP level 3. HP: 31/31 MP: 3/3
   687 | D:1      | Learned a level 2 spell: Corpse Rot
   934 | D:1      | Found Beamu's Armour Shop.
  1101 | D:2      | Reached skill level 1 in Invocations
  1396 | D:2      | You add the spells Conjure Flame, Ignite Poison and Sticky
                  | Flame to your library.
  1438 | D:2      | You pick up a book of Cantrips and begin reading...
  1438 | D:2      | You add the spells Summon Small Mammal and Apportation to
                  | your library.
  1462 | D:2      | Reached ** piety under Kikubaaqudgha
  1527 | D:2      | Reached skill level 1 in Short Blades
  1527 | D:2      | Reached skill level 1 in Long Blades
  1527 | D:2      | Reached skill level 1 in Maces & Flails
  1527 | D:2      | Reached skill level 1 in Polearms
  1527 | D:2      | Reached skill level 1 in Staves
  1527 | D:2      | Reached skill level 1 in Slings
  1527 | D:2      | Reached skill level 1 in Bows
  1527 | D:2      | Reached skill level 1 in Crossbows
  1527 | D:2      | Reached skill level 1 in Throwing
  1527 | D:2      | Reached skill level 1 in Shields
  1527 | D:2      | Reached skill level 1 in Unarmed Combat
  1527 | D:2      | Reached skill level 1 in Spellcasting
  1639 | D:2      | Reached XP level 4. HP: 38/38 MP: 5/5
  1658 | D:2      | Found Taeset's Weapon Emporium.
  1815 | D:3      | Noticed an ice beast
  1831 | D:3      | Killed an ice beast
  1832 | D:3      | Reached skill level 3 in Axes
  1832 | D:3      | Reached skill level 3 in Armour
  1832 | D:3      | Reached skill level 3 in Dodging
  1832 | D:3      | Reached skill level 1 in Conjurations
  1832 | D:3      | Reached skill level 1 in Hexes
  1832 | D:3      | Reached skill level 1 in Summonings
  1832 | D:3      | Reached skill level 1 in Necromancy
  1832 | D:3      | Reached skill level 1 in Translocations
  1832 | D:3      | Reached skill level 1 in Transmutations
  1832 | D:3      | Reached skill level 1 in Fire Magic
  1832 | D:3      | Reached skill level 1 in Ice Magic
  1832 | D:3      | Reached skill level 1 in Air Magic
  1832 | D:3      | Reached skill level 1 in Earth Magic
  1832 | D:3      | Reached skill level 1 in Poison Magic
  1832 | D:3      | Reached skill level 3 in Evocations
  1832 | D:3      | Reached XP level 5. HP: 18/43 MP: 5/7
  2236 | D:3      | Learned a level 4 spell: Sticky Flame
  2513 | D:3      | You pick up a book of Pain and begin reading...
  2513 | D:3      | You add the spells Pain, Agony and Excruciating Wounds to
                  | your library.
  2646 | D:3      | Found a hide-covered altar of Uskayaw.
  3043 | D:4      | Found Upyed's Jewellery Shoppe.
  3043 | D:4      | Found Ommoc's Armour Shop.
  3062 | D:3      | Reached skill level 8 in Stealth
  3072 | D:3      | Reached skill level 2 in Invocations
  3072 | D:3      | Reached XP level 6. HP: 17/50 MP: 8/8
  3336 | D:4      | Found Uwkaicaf's Book Emporium.
  3425 | D:4      | Identified the +3 ring mail of Xedwa {rPois SInv}
  3595 | D:4      | Noticed Sigmund
  3607 | D:4      | Killed Sigmund
  3608 | D:4      | Reached skill level 5 in Fighting
  3608 | D:4      | Reached skill level 2 in Short Blades
  3608 | D:4      | Reached skill level 2 in Long Blades
  3608 | D:4      | Reached skill level 2 in Maces & Flails
  3608 | D:4      | Reached skill level 2 in Polearms
  3608 | D:4      | Reached skill level 2 in Staves
  3608 | D:4      | Reached skill level 2 in Slings
  3608 | D:4      | Reached skill level 2 in Bows
  3608 | D:4      | Reached skill level 2 in Crossbows
  3608 | D:4      | Reached skill level 2 in Throwing
  3608 | D:4      | Reached skill level 2 in Shields
  3608 | D:4      | Reached skill level 2 in Unarmed Combat
  3608 | D:4      | Reached skill level 2 in Spellcasting
  3608 | D:4      | Reached XP level 7. HP: 56/56 MP: 8/10
  3700 | D:4      | You pick up a book of Annihilations and begin reading...
  3700 | D:4      | You add the spells Chain Lightning, Fire Storm and Shatter
                  | to your library.
  3713 | D:4      | Found Usizirid's Antique Armour Shop.
  3874 | D:4      | Found Purhic's Antique Weapon Shop.
  3928 | D:4      | Found a runed translucent door.
  3929 | D:4      | Noticed Crazy Yiuf
  3938 | D:4      | Killed Crazy Yiuf
  4074 | D:5      | Entered Level 5 of the Dungeon
  4132 | D:5      | Reached skill level 2 in Conjurations
  4132 | D:5      | Reached skill level 2 in Hexes
  4132 | D:5      | Reached skill level 2 in Summonings
  4132 | D:5      | Reached skill level 2 in Necromancy
  4132 | D:5      | Reached skill level 2 in Translocations
  4132 | D:5      | Reached skill level 2 in Transmutations
  4132 | D:5      | Reached skill level 2 in Fire Magic
  4132 | D:5      | Reached skill level 2 in Ice Magic
  4132 | D:5      | Reached skill level 2 in Air Magic
  4132 | D:5      | Reached skill level 2 in Earth Magic
  4132 | D:5      | Reached skill level 2 in Poison Magic
  4526 | D:5      | Reached *** piety under Kikubaaqudgha
  4526 | D:5      | You add the spells Anguish, Animate Dead, Borgnjor's Vile
                  | Clutch and Simulacrum to your library.
  4526 | D:5      | Received a gift from Kikubaaqudgha
  4536 | D:5      | Learned a level 4 spell: Animate Dead
  4725 | D:5      | You pick up a book of Dangerous Friends and begin
                  | reading...
  4725 | D:5      | You add the spells Summon Guardian Golem, Orb of
                  | Destruction and Spellforged Servitor to your library.
  4795 | D:5      | Reached skill level 3 in Invocations
  4880 | D:5      | Found a glowing golden altar of the Shining One.
  5220 | D:5      | You pick up a book of Necromancy and begin reading...
  5339 | D:5      | Reached skill level 4 in Axes
  5339 | D:5      | Reached skill level 4 in Armour
  5339 | D:5      | Reached skill level 4 in Dodging
  5339 | D:5      | Reached skill level 4 in Evocations
  5339 | D:5      | Reached XP level 8. HP: 63/63 MP: 12/12
  5407 | D:4      | Bought a +2 helmet for 231 gold pieces
  5683 | D:6      | Reached skill level 3 in Short Blades
  5683 | D:6      | Reached skill level 3 in Long Blades
  5683 | D:6      | Reached skill level 3 in Maces & Flails
  5683 | D:6      | Reached skill level 3 in Polearms
  5683 | D:6      | Reached skill level 3 in Staves
  5683 | D:6      | Reached skill level 3 in Slings
  5683 | D:6      | Reached skill level 3 in Bows
  5683 | D:6      | Reached skill level 3 in Crossbows
  5683 | D:6      | Reached skill level 3 in Throwing
  5683 | D:6      | Reached skill level 3 in Shields
  5683 | D:6      | Reached skill level 3 in Unarmed Combat
  5683 | D:6      | Reached skill level 3 in Spellcasting
  5685 | D:6      | Found a broken altar of Ashenzari.
  6420 | D:6      | You pick up a book of Rime and begin reading...
  6420 | D:6      | You add the spells Frozen Ramparts, Ice Form and Summon Ice
                  | Beast to your library.
  6540 | D:7      | Noticed Joseph
  6563 | D:7      | Killed Joseph
  6564 | D:7      | Reached skill level 6 in Fighting
  6564 | D:7      | Reached skill level 3 in Conjurations
  6564 | D:7      | Reached skill level 3 in Hexes
  6564 | D:7      | Reached skill level 3 in Summonings
  6564 | D:7      | Reached skill level 3 in Necromancy
  6564 | D:7      | Reached skill level 3 in Translocations
  6564 | D:7      | Reached skill level 3 in Transmutations
  6564 | D:7      | Reached skill level 3 in Fire Magic
  6564 | D:7      | Reached skill level 3 in Ice Magic
  6564 | D:7      | Reached skill level 3 in Air Magic
  6564 | D:7      | Reached skill level 3 in Earth Magic
  6564 | D:7      | Reached skill level 3 in Poison Magic
  6564 | D:7      | Reached skill level 4 in Invocations
  6564 | D:7      | Reached XP level 9. HP: 36/68 MP: 14/14
  6928 | D:7      | Reached skill level 4 in Short Blades
  6928 | D:7      | Reached skill level 4 in Long Blades
  6928 | D:7      | Reached skill level 4 in Maces & Flails
  6928 | D:7      | Reached skill level 4 in Polearms
  6928 | D:7      | Reached skill level 4 in Staves
  6928 | D:7      | Reached skill level 4 in Slings
  6928 | D:7      | Reached skill level 4 in Bows
  6928 | D:7      | Reached skill level 4 in Crossbows
  6928 | D:7      | Reached skill level 4 in Throwing
  6928 | D:7      | Reached skill level 4 in Shields
  6928 | D:7      | Reached skill level 4 in Unarmed Combat
  6928 | D:7      | Reached skill level 4 in Spellcasting
  7146 | D:7      | Reached **** piety under Kikubaaqudgha
  7464 | D:7      | Found a staircase to the Ecumenical Temple.
  7580 | D:7      | Reached skill level 5 in Axes
  7580 | D:7      | Reached skill level 5 in Armour
  7580 | D:7      | Reached skill level 5 in Dodging
  7580 | D:7      | Reached skill level 5 in Evocations
  8123 | D:8      | Reached skill level 9 in Stealth
  8387 | D:8      | Found an opulent altar of Gozag.
  8388 | D:8      | You fall into a shaft and drop 2 floors!
  8388 | D:10     | Entered Level 10 of the Dungeon
  8420 | D:10     | Noticed Urug
  8430 | D:10     | HP: 9/71 [Urug/+2 long sword of venom (18)]
  8448 | D:10     | Killed Urug
  8449 | D:10     | Reached skill level 5 in Invocations
  8452 | D:10     | Reached XP level 10. HP: 31/77 MP: 12/17
  8454 | D:10     | Reached skill level 4 in Conjurations
  8454 | D:10     | Reached skill level 4 in Hexes
  8454 | D:10     | Reached skill level 4 in Summonings
  8454 | D:10     | Reached skill level 4 in Necromancy
  8454 | D:10     | Reached skill level 4 in Translocations
  8454 | D:10     | Reached skill level 4 in Transmutations
  8454 | D:10     | Reached skill level 4 in Fire Magic
  8454 | D:10     | Reached skill level 4 in Ice Magic
  8454 | D:10     | Reached skill level 4 in Air Magic
  8454 | D:10     | Reached skill level 4 in Earth Magic
  8454 | D:10     | Reached skill level 4 in Poison Magic
  8460 | D:10     | Reached skill level 5 in Short Blades
  8460 | D:10     | Reached skill level 5 in Long Blades
  8460 | D:10     | Reached skill level 5 in Maces & Flails
  8460 | D:10     | Reached skill level 5 in Polearms
  8460 | D:10     | Reached skill level 5 in Staves
  8460 | D:10     | Reached skill level 5 in Slings
  8460 | D:10     | Reached skill level 5 in Bows
  8460 | D:10     | Reached skill level 5 in Crossbows
  8460 | D:10     | Reached skill level 5 in Throwing
  8460 | D:10     | Reached skill level 5 in Shields
  8460 | D:10     | Reached skill level 5 in Unarmed Combat
  8460 | D:10     | Reached skill level 5 in Spellcasting
  8701 | D:10     | Reached skill level 7 in Fighting
  8709 | D:10     | Noticed a cane toad
  8709 | D:10     | a shapeshifter changed into a cane toad
  8717 | D:10     | HP: 3/79 [cane toad (shapeshifter) (26)]
  8718 | D:10     | Mangled by a cane toad (shapeshifter)

Vanquished Creatures
  Joseph (D:7)
  A troll (D:10)
  Sigmund (D:4)
  7 yaks (D:10)
  A water moccasin (D:6)
  A sky beast (D:6)
  2 ice beasts
  A black bear (D:6)
  An ogre (D:7)
  2 centaurs
  2 phantoms
  A kobold brigand (D:7)
  A necrophage (D:5)
  2 scorpions
  3 wights (D:8)
  A killer bee (D:5)
  A howler monkey (D:8)
  A crimson imp (D:5)
  5 hounds
  3 orc priests
  Crazy Yiuf (D:4)
  4 iguanas
  3 orc wizards
  4 gnolls (D:4)
  10 adders
  A white imp (D:7)
  An ufetubus (D:4)
  A worm (D:3)
  3 dart slugs
  17 orcs
  5 ball pythons
  3 bats
  6 endoplasms
  4 giant cockroaches
  3 goblins
  7 hobgoblins
  3 jackals (D:2)
  4 kobolds
  3 quokkas
  A frilled lizard (D:1)
  2 goblin zombies (D:5)
  2 hobgoblin zombies (D:5)
  2 kobold skeletons (D:5)
  A kobold zombie (D:5)
  2 orc skeletons (D:5)
  5 rats
136 creatures vanquished.

Vanquished Creatures (collateral kills)
  Urug (D:10)
  2 yaks (D:10)
  A howler monkey (D:7)
  An orc (D:7)
5 creatures vanquished.

Grand Total: 141 creatures vanquished

Table legend:
 A = Non-vault XP
 B = Vault XP
 C = Vault XP percentage of total XP
 D = Non-vault monster count
 E = Vault monster count
 F = Vault count percentage of total count
                 A         B        C        D         E       F
            +---------+---------+-------+---------+---------+-------
      Total |    4977 |    1646 |  24.9 |     123 |      18 |  12.8
            +---------+---------+-------+---------+---------+-------
        D:1 |      42 |       0 |   0.0 |      21 |       0 |   0.0
        D:2 |      47 |       0 |   0.0 |      13 |       0 |   0.0
        D:3 |     263 |       0 |   0.0 |      14 |       0 |   0.0
        D:4 |      72 |     310 |  81.2 |       9 |       5 |  35.7
        D:5 |     443 |     116 |  20.8 |      16 |      11 |  40.7
        D:6 |     776 |       0 |   0.0 |      12 |       0 |   0.0
        D:7 |     792 |     430 |  35.2 |      20 |       1 |   4.8
        D:8 |     390 |       0 |   0.0 |       8 |       0 |   0.0
       D:10 |    2152 |     790 |  26.9 |      10 |       1 |   9.1
            +---------+---------+-------+---------+---------+-------

Illustrated notes

Table legend:
 A = Kills in this place as a percentage of kills in entire the game.
 B = Kills by you in this place as a percentage of kills by you in the entire game.
 C = Kills by friends in this place as a percentage of kills by friends in the entire game.
 D = Other kills in this place as a percentage of other kills in the entire game.
 E = Experience gained in this place as a percentage of experience gained in the entire game.
 F = Experience gained in this place divided by the number of levels of this place that you have seen.
                   A       B       C       D       E      F
               +-------+-------+-------+-------+-------+----------------------
         Total | 100.0 | 100.0 | 100.0 |   N/A | 100.0 | 735.9
       Dungeon | 100.0 | 100.0 | 100.0 |   N/A | 100.0 | 735.9
               +-------+-------+-------+-------+-------+----------------------

Table legend: (Time is in decaauts)
 A = Elapsed time spent in this place.
 B = Non-inter-level travel time spent in this place.
 C = Inter-level travel time spent in this place.
 D = Time resting spent in this place.
 E = Time spent auto-exploring this place.
 F = Levels seen in this place.
 G = Mean time per level.
                   A        B        C        D        E       F      G
               +--------+--------+--------+--------+--------+-----+--------+
         Total |   8708 |   8529 |    179 |   1213 |   5891 |   9 |  967.6 |
       Dungeon |   8708 |   8529 |    179 |   1213 |   5891 |   9 |  967.6 |
               +--------+--------+--------+--------+--------+-----+--------+

Top non-repeatable levels by time:
     D:5: 1480 daAuts
     D:3: 1445 daAuts
     D:7: 1367 daAuts
     D:1: 1067 daAuts
     D:4: 905 daAuts
     D:6: 847 daAuts
     D:2: 748 daAuts
     D:8: 523 daAuts
    D:10: 324 daAuts
